 Dungeon Crawl Stone Soup version 0.26.1-11-gd32895ea62 (webtiles) character file.

Game seed: 14231600163484661202

788 Zeld the Chucker (level 7, -2/49 HPs)
             Began as an Octopode Monk on May 18, 2021.
             Slain by an orc
             ... wielding a +0 trident
              (7 damage)
             ... on level 4 of the Dungeon.
             The game lasted 00:05:11 (5303 turns).

Zeld the Chucker (Octopode Monk)                    Turns: 5303, Time: 00:05:11

Health: -2/49      AC:  1    Str: 10    XL:     7   Next: 87%
Magic:  7/7        EV: 16    Int: 12    God:
Gold:   287        SH:  0    Dex: 17    Spells: 6/6 levels left

rFire    . . .     SeeInvis .     - Unarmed
rCold    . . .     Faith    .   (no shield)
rNeg     . . .     Spirit   .   (helmet restricted)
rPois    .         Reflect  .   (no amulet)
rElec    .         Harm     .   (no ring)
rCorr    .         Rampage  .   (no ring)
Will     .....                  (no ring)
Stlth    +++.......             (no ring)
HPRegen  0.16/turn              (no ring)
MPRegen  0.10/turn              (no ring)
                                (no ring)
                                (no ring)

@: no status effects
A: almost no armour, stealthy swim, amphibious, 8 rings, constrict 8, camouflage
1, gelatinous body 1
a: no special abilities


You were on level 4 of the Dungeon.
You visited 1 branch of the dungeon, and saw 4 of its levels.
You also visited: Sewer.

You collected 287 gold pieces.

Inventory:

Missiles
 e - 6 silver javelins
 h - 4 boomerangs
 o - 2 poisoned darts (quivered)
Scrolls
 a - a scroll of noise {unknown}
 d - 3 scrolls of identify {unknown}
 f - 5 scrolls of remove curse
 i - a scroll of blinking {unknown}
 l - a scroll of fog {unknown}
 q - a scroll of teleportation {unknown}
 r - a scroll of magic mapping {unknown}
 s - a scroll of fear {unknown}
Potions
 b - a potion of ambrosia {unknown}
 c - a potion of invisibility {unknown}
 g - 2 potions of magic {unknown}
 j - a potion of degeneration {unknown}
 k - a potion of curing {unknown}
 m - 5 potions of flight {unknown}
 n - a potion of might {unknown}
 p - 3 potions of heal wounds {unknown}


   Skills:
 - Level 4.4 Fighting
 * Level 6.9 Throwing
 - Level 4.4 Dodging
 - Level 2.6 Stealth
 - Level 3.0 Unarmed Combat


You had 6 spell levels left.
You didn't know any spells.
Your spell library contained the following spells:

 Spells                   Type           Power        Failure   Level
 Freeze                   Ice            0%           32%         1
 Frozen Ramparts          Ice            0%           69%         3
 Ozocubu's Armour         Ice            0%           69%         3
 Hailstorm                Conj/Ice       0%           97%         4
 Summon Ice Beast         Ice/Summ       0%           97%         4


Dungeon Overview and Level Annotations

Branches:
Dungeon (4/15)              Sewer (visited)
 Temple: D:4-7

Altars:
Ru


Innate Abilities, Weirdness & Mutations

You cannot wear most types of armour.
You are very stealthy in the water. (Stealth+)
You are amphibious.
You can wear up to eight rings at the same time.
You can use your tentacles to constrict eight enemies at once.
Your skin changes colour to match your surroundings (Stealth+).
Your rubbery body absorbs attacks. (AC +1, EV +1)


Message History

You are too injured to fight recklessly!
You are too injured to fight recklessly!
You tentacle-slap the giant cockroach.
You squeeze the giant cockroach, but do no damage.
The giant cockroach is heavily wounded.
You constrict the giant cockroach. The giant cockroach closely misses you.
You tentacle-slap the giant cockroach.
You kill the giant cockroach!
The orc closely misses you. The orc barely misses you.
Items here: ( )) [ †††††.
You tentacle-slap the orc but do no damage.
You grab the orc.
You constrict the orc, but do no damage.
The orc hits you with a +0 trident.
* * * LOW HITPOINT WARNING * * *
You tentacle-slap the orc but do no damage.
You constrict the orc, but do no damage.
The orc hits you with a +0 trident!
You die...

###
#.#.#..........≈≈#.
#.#.#..#.######..#.
.........#.####..#÷
#.#.#..........÷...
..#.#..............
###.#.....#..#.......
... #......#.#.#.##
#.##.###....#.#.......
#....@......#.........
#.##o###..#(.##.......
#. .......##....^..
#.####............. ..
....##.#....... ..
..........###.## ...
####.###.## #.## ..#
#.# #..# #...
##.###.##


You could see an orc.

Vanquished Creatures
  Purgy (Sewer)
  A centaur (D:2)
  A big kobold (D:3)
  A bullfrog skeleton (D:4)
  3 orc priests (D:3)
  3 orc wizards (D:3)
  Terence (D:2)
  A worker ant (D:2)
  A hound skeleton (D:4)
  5 gnolls
  8 adders
  2 river rats (D:4)
  4 worms
  5 leopard geckos
  11 orcs
  9 giant cockroaches
  8 hobgoblins
  10 jackals
  A quokka (D:3)
  4 ball pythons
  8 bats
  15 frilled lizards
  9 goblins
  9 kobolds
  10 rats
131 creatures vanquished.

Vanquished Creatures (others)
  4 plants (D:1)
4 creatures vanquished.

Grand Total: 135 creatures vanquished

Notes
Turn   | Place    | Note
-------+----------+-------------------------------------------
     0 | D:1      | Zeld the Octopode Monk began the quest for the Orb.
     0 | D:1      | Reached XP level 1. HP: 16/16 MP: 1/1
   235 | D:1      | Reached XP level 2. HP: 21/21 MP: 2/2
   669 | D:1      | Reached XP level 3. HP: 19/26 MP: 3/3
  1033 | D:2      | Noticed a centaur
  1045 | D:2      | Killed a centaur
  1046 | D:2      | Reached XP level 4. HP: 13/34 MP: 4/4
  1046 | D:2      | Reached XP level 5. HP: 15/38 MP: 5/5
  1281 | D:2      | Reached skill level 1 in Throwing
  1701 | D:2      | Reached skill level 2 in Throwing
  1749 | D:2      | Noticed Terence
  1767 | D:2      | Killed Terence
  1852 | D:2      | Reached skill level 3 in Throwing
  1852 | D:2      | Reached XP level 6. HP: 32/44 MP: 6/6
  2250 | D:2      | Found a sacrificial altar of Ru.
  2744 | D:3      | Reached skill level 4 in Throwing
  2989 | D:3      | Reached skill level 5 in Throwing
  2989 | D:3      | Reached XP level 7. HP: 25/49 MP: 7/7
  4472 | D:4      | Reached skill level 6 in Throwing
  4541 | D:4      | Found a glowing drain.
  4587 | Sewer    | Entered a sewer
  4920 | Sewer    | Noticed Purgy
  4950 | Sewer    | Killed Purgy
  5303 | D:4      | Slain by an orc

Illustrated notes

Levels and vault maps discovered:
D:1:      kilobyte_arrival_exit_the_forest, layout_loops_ring,
          minmay_lizard_king
D:2:      layout_basic, nicolae_overflow_crystal_walls, uniq_terence
D:3:      layout_loops_cross
D:4:      layout_basic, portal_sewer_entry_b, uniq_blork_the_orc, uniq_menkaure,
          uniq_ijyb

Skill      XL: |  1  2  3  4  5  6  7 |
---------------+----------------------+-----
Fighting       | 4 |  4.4
Dodging        | 4 |  4.4
Throwing       | 3 5 6 |  6.9
Stealth        | |  2.6
Unarmed Combat | |  3.0

Action                   |  1- 3 |  4- 6 |  7- 9 || total
-------------------------+-------+-------+-------++-------
Melee: Unarmed           |    65 |   152 |   123 ||   340
       Constrict         |    15 |    36 |    37 ||    88
       Tentacles         |    11 |    38 |    29 ||    78
       Punch             |     2 |     1 |     3 ||     6
Throw: Boomerang         |       |       |    10 ||    10
       Javelin           |       |       |     6 ||     6
       Dart              |       |       |     3 ||     3
  Use: Scroll            |       |       |     1 ||     1
 Stab: Sleeping          |     6 |     6 |    12 ||    24
Armor: Skin              |     2 |     8 |     5 ||    15
Dodge: Dodged            |    50 |   110 |   110 ||   270
